Edmonton Oilers vs Boston Bruins
Created - Sunday, April 16, 2023 at 07:02
Goals
|
| Edmonton Oilers |
1 |
0 |
0 |
1 |
| Boston Bruins |
1 |
3 |
0 |
4 |
|
Shots
|
| Edmonton Oilers |
12 |
27 |
9 |
48 |
| Boston Bruins |
9 |
9 |
8 |
26 |
|
1st period
1. Boston Bruins , Vincent Trocheck 16 (Phil Kessel 21) at 6:37 (PP)
2. Edmonton Oilers , Anthony Duclair 10 (Adrian Kempe 14, Ryan Getzlaf 12) at 6:49
Penalties :
Damon Severson (EDM) for Interference (Minor) at 6:25, Charlie McAvoy (BOS) for Hooking (Minor) at 7:29, Charlie McAvoy (BOS) for High sticking (Minor) at 12:18, Ryan Donato (BOS) for Elbowing (Minor) at 19:14
2nd period
3. Boston Bruins , Vincent Trocheck 17 (Charlie McAvoy 14) at 3:34
4. Boston Bruins , Vincent Trocheck 18 (Anthony Beauvillier 4, Victor Mete 4) at 5:57
5. Boston Bruins , Joonas Donskoi 6 (Joel Farabee 12, Charlie McAvoy 15) at 7:17
Penalties :
No Penalty
3rd period
No Goal
Penalties :
Phil Kessel (BOS) for Slashing (Minor) at 16:52
Goalie Stats
Juuse Saros (EDM), 13 saves from 17 shots - (0.765), L, 11-7-0, 27:17 minutes
Matt Murray (EDM), 9 saves from 9 shots - (1.000), 32:43 minutes
David Rittich (BOS), 47 saves from 48 shots - (0.979), W, 5-11-3, 60:00 minutes
Players Stats for Edmonton Oilers
Player Name G A P +/- PIM S H SB GA TA FO MP PP MP PK MP
------------------------------------------------------------------------------------
Adrian Kempe 0 1 1 0 0 8 1 0 0 0 1/1 21:33 4:31 0:00
Alex Iafallo 0 0 0 0 0 2 0 1 0 1 0/0 11:56 0:00 0:00
Anthony Duclair 1 0 1 0 0 10 2 1 1 0 0/0 22:49 5:13 0:00
Boone Jenner 0 0 0 -1 0 3 2 1 1 1 9/21 18:38 4:31 0:12
Brandon Carlo 0 0 0 -1 0 1 0 0 0 1 0/0 15:42 0:00 0:12
Brett Pesce 0 0 0 0 0 4 1 0 0 0 0/0 21:14 0:00 0:12
Brock Boeser 0 0 0 0 0 1 0 0 1 0 0/0 14:51 3:25 0:00
Cam Atkinson 0 0 0 -1 0 1 0 1 0 0 0/1 16:55 2:43 0:00
Damon Severson 0 0 0 0 2 4 1 2 0 2 0/0 24:01 5:13 0:00
David Farrance 0 0 0 -1 0 0 0 2 0 1 0/0 13:15 0:00 0:00
Erik Johnson 0 0 0 -1 0 0 1 0 0 0 0/0 18:52 0:00 0:00
Evan Bouchard 0 0 0 -1 0 1 3 2 0 0 0/0 16:49 2:43 0:00
Jakub Voracek 0 0 0 -1 0 1 0 0 0 0 0/0 12:47 3:25 0:00
Jamie Benn 0 0 0 -1 0 4 2 0 0 0 0/0 18:28 4:31 0:00
Mikael Backlund 0 0 0 0 0 1 0 2 0 0 1/3 11:43 0:00 0:00
Paul Stastny 0 0 0 -1 0 1 1 1 0 0 0/0 10:11 0:00 0:00
Ryan Getzlaf 0 1 1 0 0 4 4 1 0 0 11/14 20:41 3:25 0:00
Sean Kuraly 0 0 0 -1 0 2 1 0 0 0 3/4 9:22 0:00 0:12
Players Stats for Boston Bruins
Player Name G A P +/- PIM S H SB GA TA FO MP PP MP PK MP
------------------------------------------------------------------------------------
Anthony Beauvillier 0 1 1 2 0 1 0 0 1 0 0/1 9:56 0:00 1:33
Brandon Hagel 0 0 0 0 0 2 1 0 1 0 0/0 11:47 0:00 0:00
Brock McGinn 0 0 0 0 0 0 1 0 0 0 0/0 11:45 0:00 0:00
Charlie McAvoy 0 2 2 1 4 5 2 0 0 0 0/0 22:54 0:12 2:33
Danton Heinen 0 0 0 2 0 0 0 0 0 0 0/0 7:50 0:00 0:00
Joel Farabee 0 1 1 1 0 3 2 0 0 0 1/1 17:06 0:00 2:14
Joonas Donskoi 1 0 1 1 0 2 0 1 0 0 0/0 14:22 0:00 0:00
Mason Appleton 0 0 0 0 0 1 1 0 0 0 0/0 5:14 0:00 0:00
Matt Grzelcyk 0 0 0 1 0 0 0 2 0 0 0/0 16:40 0:00 0:24
Morgan Geekie 0 0 0 0 0 0 0 1 0 0 0/2 12:09 0:00 0:17
Pavel Zacha 0 0 0 -1 0 1 0 2 0 0 1/3 19:45 0:12 2:26
Phil Kessel 0 1 1 -1 2 2 2 2 1 0 0/1 21:47 0:12 3:34
Ryan Donato 0 0 0 1 2 3 0 0 1 1 3/9 16:21 0:00 1:15
Samuel Girard 0 0 0 1 0 1 2 2 0 0 0/0 24:48 0:12 4:46
Sean Durzi 0 0 0 0 0 0 0 0 1 1 0/0 17:48 0:00 2:59
Tyson Barrie 0 0 0 0 0 0 1 0 0 1 0/0 18:14 0:00 3:10
Victor Mete 0 1 1 1 0 1 0 1 0 0 0/0 17:56 0:00 2:00
Vincent Trocheck 3 0 3 1 0 4 1 2 1 0 14/27 25:38 0:12 4:33
3 Stars
1 - David Rittich (BOS)
2 - Vincent Trocheck (BOS)
3 - Joonas Donskoi (BOS)
Power Play
Edmonton Oilers - 0 on 4 Attempt(s) - 0.00%
Boston Bruins - 1 on 1 Attempt(s) - 100.00%
Penalty Kill
Edmonton Oilers - 0 on 1 Attempt(s) - 0.00%
- Score 0 goal in Penalty Kill
Boston Bruins - 4 on 4 Attempt(s) - 100.00%
- Score 0 goal in Penalty Kill
Team Stat
Edmonton Oilers - Hits : 19 - Faceoff Wins : 25 - Blocked Shots : 14 - Penalty Minutes : 2
Boston Bruins - Hits : 13 - Faceoff Wins : 19 - Blocked Shots : 13 - Penalty Minutes : 8
Official
Referees : Tim Peel and Brian Pochmara
Linesman : Vaughan Rody and Steve Miller
Game Notes
Vincent Trocheck has scored a Hat Trick!
Matt Murray enters game at 7:17 of 2nd period
14:27 of 3rd period - Edmonton Oilers goal is going for a video replay. After video review, No Goal. The puck has been kicked using a distinct kicking motion.
Finance
Level 1 -- Attendance: 4575 (76.25%) -- Ticket Income $457,500
Level 2 -- Attendance: 3573 (71.46%) -- Ticket Income $214,380
Level 3 -- Attendance: 2119 (70.63%) -- Ticket Income $74,165
Level 4 -- Attendance: 3387 (67.74%) -- Ticket Income $84,675
Luxury Box -- Attendance: 745 (74.50%) -- Ticket Income $149,000
Game was played at the TD Garden.
Total Attendance: 14399 (72.00%)
Total Ticket Income: $979,720
Other Income: $342,902
Total Income: $1,322,622
Edmonton Oilers
5 vs 5 Forward
Center Left Wing Right Wing Time % Phy DF OF
1 Boone Jenner Jamie Benn Cam Atkinson 35 0 2 3
2 Ryan Getzlaf Anthony Duclair Adrian Kempe 34 0 2 3
3 Mikael Backlund Alex Iafallo Brock Boeser 21 0 2 3
4 Sean Kuraly Paul Stastny Jakub Voracek 10 1 2 2
5 vs 5 Defense
Defense Defense Time % Phy DF OF
1 Damon Severson Brett Pesce 35 0 3 2
2 Erik Johnson Brandon Carlo 31 0 4 1
3 David Farrance Evan Bouchard 22 1 2 2
4 Erik Johnson Brett Pesce 12 1 4 0
PowerPlay Forward
Center Left Wing Right Wing Time % Phy DF OF
1 Boone Jenner Jamie Benn Adrian Kempe 60 0 0 5
2 Ryan Getzlaf Jakub Voracek Brock Boeser 40 0 0 5
PowerPlay Defense
Defense Defense Time % Phy DF OF
1 Damon Severson Anthony Duclair 60 0 1 4
2 Evan Bouchard Cam Atkinson 40 0 1 4
Penalty Kill 4 Players Forward
Center Wing Time % Phy DF OF
1 Boone Jenner Sean Kuraly 50 1 4 0
2 Mikael Backlund Alex Iafallo 50 1 4 0
Penalty Kill 4 Players Defense
Defense Defense Time % Phy DF OF
1 Erik Johnson Brett Pesce 60 1 4 0
2 Damon Severson Brandon Carlo 40 1 4 0
Penalty Kill - 3 Players Forward
Forward Time % Phy DF OF
1 Boone Jenner 50 0 5 0
2 Mikael Backlund 50 0 5 0
Penalty Kill - 3 Players Defense
Defense Defense Time % Phy DF OF
1 Erik Johnson Brett Pesce 50 1 4 0
2 Damon Severson Brandon Carlo 50 1 4 0
4 vs 4 Forward
Center Wing Time % Phy DF OF
1 Jamie Benn Adrian Kempe 57 0 2 3
2 Mikael Backlund Anthony Duclair 43 0 2 3
4 vs 4 Defense
Defense Defense Time % Phy DF OF
1 Damon Severson Brett Pesce 56 0 3 2
2 Evan Bouchard Brandon Carlo 44 0 2 3
Last Minutes Offensive
Center Left Wing Right Wing Defense Defense
Boone Jenner Jamie Benn Adrian Kempe Damon Severson Evan Bouchard
Last Minutes Defensive
Center Left Wing Right Wing Defense Defense
Boone Jenner Sean Kuraly Mikael Backlund Erik Johnson Brett Pesce
Goaltenders
Starting : Juuse Saros
Backup : Matt Murray
Extra Forwards
Normal : Adrian Kempe, Brock Boeser, Paul Stastny - PP : Jakub Voracek, Paul Stastny - PK : Cam Atkinson
Extra Defensemen
Normal : Erik Johnson, Evan Bouchard, Damon Severson - PP : Erik Johnson - PK : Damon Severson, Erik Johnson
Penalty Shots
Boone Jenner, Anthony Duclair, Adrian Kempe, Cam Atkinson, Jakub Voracek
Boston Bruins
5 vs 5 Forward
Center Left Wing Right Wing Time % Phy DF OF
1 Vincent Trocheck Pavel Zacha Phil Kessel 40 1 2 2
2 Ryan Donato Joel Farabee Joonas Donskoi 30 1 2 2
3 Morgan Geekie Brandon Hagel Brock McGinn 20 1 2 2
4 Vincent Trocheck Anthony Beauvillier Danton Heinen 10 1 2 2
5 vs 5 Defense
Defense Defense Time % Phy DF OF
1 Charlie McAvoy Samuel Girard 40 1 2 2
2 Tyson Barrie Sean Durzi 30 1 2 2
3 Matt Grzelcyk Victor Mete 20 1 2 2
4 Charlie McAvoy Samuel Girard 10 1 2 2
PowerPlay Forward
Center Left Wing Right Wing Time % Phy DF OF
1 Vincent Trocheck Pavel Zacha Phil Kessel 60 1 2 2
2 Ryan Donato Joel Farabee Joonas Donskoi 40 1 2 2
PowerPlay Defense
Defense Defense Time % Phy DF OF
1 Charlie McAvoy Samuel Girard 60 1 2 2
2 Tyson Barrie Sean Durzi 40 1 2 2
Penalty Kill 4 Players Forward
Center Wing Time % Phy DF OF
1 Vincent Trocheck Phil Kessel 60 1 2 2
2 Pavel Zacha Joel Farabee 40 1 2 2
Penalty Kill 4 Players Defense
Defense Defense Time % Phy DF OF
1 Charlie McAvoy Samuel Girard 60 1 2 2
2 Tyson Barrie Sean Durzi 40 1 2 2
Penalty Kill - 3 Players Forward
Forward Time % Phy DF OF
1 Vincent Trocheck 60 1 2 2
2 Phil Kessel 40 1 2 2
Penalty Kill - 3 Players Defense
Defense Defense Time % Phy DF OF
1 Charlie McAvoy Samuel Girard 60 1 2 2
2 Tyson Barrie Sean Durzi 40 1 2 2
4 vs 4 Forward
Center Wing Time % Phy DF OF
1 Vincent Trocheck Phil Kessel 60 1 2 2
2 Pavel Zacha Joel Farabee 40 1 2 2
4 vs 4 Defense
Defense Defense Time % Phy DF OF
1 Charlie McAvoy Samuel Girard 60 1 2 2
2 Tyson Barrie Sean Durzi 40 1 2 2
Last Minutes Offensive
Center Left Wing Right Wing Defense Defense
Vincent Trocheck Pavel Zacha Phil Kessel Charlie McAvoy Samuel Girard
Last Minutes Defensive
Center Left Wing Right Wing Defense Defense
Vincent Trocheck Pavel Zacha Phil Kessel Charlie McAvoy Samuel Girard
Goaltenders
Starting : David Rittich
Backup : Olivier Rodrigue
Extra Forwards
Normal : Mason Appleton, Brandon Hagel, Anthony Beauvillier - PP : Mason Appleton, Brandon Hagel - PK : Anthony Beauvillier
Extra Defensemen
Normal : Matt Grzelcyk, Victor Mete, Tyson Barrie - PP : Matt Grzelcyk - PK : Victor Mete, Tyson Barrie
Penalty Shots
Vincent Trocheck, Phil Kessel, Pavel Zacha, Joel Farabee, Brandon Hagel
% Time on Ice - Edmonton Oilers
Lines # - Real PCT - Wanted PCT - Time Play
Normal Forward
1 - 27% - 35% - 13:55
2 - 33% - 34% - 17:16
3 - 23% - 21% - 11:43
4 - 17% - 10% - 8:58
Normal Defense
1 - 36% - 35% - 18:49
2 - 31% - 31% - 16:18
3 - 26% - 22% - 13:44
4 - 6% - 12% - 3:01
PP Forward
1 - 57% - 60% - 4:31
2 - 43% - 40% - 3:25
PP Defense
1 - 66% - 60% - 5:13
2 - 34% - 40% - 2:43
PK Forward
1 - 100% - 50% - 0:12
2 - 0% - 50% - 0:00
PK Defense
1 - 0% - 60% - 0:00
2 - 100% - 40% - 0:12
PK3 Forward
1 - 0% - 50%
2 - 0% - 50%
PK3 Defense
1 - 0% - 50%
2 - 0% - 50%
44 Forward
1 - 0% - 57%
2 - 0% - 43%
44 Defense
1 - 0% - 56%
2 - 0% - 44%
Last Minute Offensive - 0:00
Last Minute Defensive - 0:00
Total
Forward - 60:00
Defense - 60:00
|
% Time on Ice - Boston Bruins
Lines # - Real PCT - Wanted PCT - Time Play
Normal Forward
1 - 35% - 40% - 18:03
2 - 29% - 30% - 15:11
3 - 23% - 20% - 12:04
4 - 13% - 10% - 6:34
Normal Defense
1 - 37% - 40% - 19:05
2 - 29% - 30% - 14:59
3 - 31% - 20% - 15:56
4 - 4% - 10% - 1:52
PP Forward
1 - 100% - 60% - 0:12
2 - 0% - 40% - 0:00
PP Defense
1 - 100% - 60% - 0:12
2 - 0% - 40% - 0:00
PK Forward
1 - 79% - 60% - 6:14
2 - 21% - 40% - 1:42
PK Defense
1 - 62% - 60% - 4:57
2 - 38% - 40% - 2:59
PK3 Forward
1 - 0% - 60%
2 - 0% - 40%
PK3 Defense
1 - 0% - 60%
2 - 0% - 40%
44 Forward
1 - 0% - 60%
2 - 0% - 40%
44 Defense
1 - 0% - 60%
2 - 0% - 40%
Last Minute Offensive - 0:00
Last Minute Defensive - 0:00
Total
Forward - 60:00
Defense - 60:00
|
Play-by-Play
1st period
0:01 of 1st period - Vincent Trocheck wins face-off versus Boone Jenner in neutral zone.
0:03 of 1st period - Off-side.
0:04 of 1st period - Vincent Trocheck wins face-off versus Boone Jenner in neutral zone.
0:53 of 1st period - Joonas Donskoi is hit by Ryan Getzlaf.
2:38 of 1st period - Wrist shot by Vincent Trocheck.
2:38 of 1st period - Shot Misses the Net.
2:40 of 1st period - Slapshot by Samuel Girard.
2:40 of 1st period - Stopped by Juuse Saros with a rebound.
2:42 of 1st period - Wrist shot by Pavel Zacha.
2:42 of 1st period - Shot Misses the Net.
3:04 of 1st period - Slapshot by Boone Jenner.
3:04 of 1st period - Stopped by David Rittich with a rebound.
3:06 of 1st period - Snap shot by Jamie Benn.
3:06 of 1st period - Shot Misses the Net.
3:18 of 1st period - Wrist shot by Joel Farabee.
3:18 of 1st period - Stopped by Juuse Saros without a rebound.
3:19 of 1st period - Joel Farabee wins face-off versus Ryan Getzlaf in Edmonton Oilers zone.
3:30 of 1st period - Tyson Barrie is hit by Ryan Getzlaf and loses puck.
4:04 of 1st period - Slapshot by Vincent Trocheck.
4:04 of 1st period - Stopped by Juuse Saros without a rebound.
4:05 of 1st period - Vincent Trocheck wins face-off versus Mikael Backlund in Edmonton Oilers zone.
6:01 of 1st period - Wrist shot by Jamie Benn.
6:01 of 1st period - Stopped by David Rittich with a rebound.
6:03 of 1st period - Snap shot by Erik Johnson.
6:03 of 1st period - Deflect By Jamie Benn.
6:03 of 1st period - Stopped by David Rittich without a rebound.
6:04 of 1st period - Boone Jenner wins face-off versus Ryan Donato in Boston Bruins zone.
6:25 of 1st period - Minor Penalty to Damon Severson for Interference.
6:26 of 1st period - Vincent Trocheck wins face-off versus Boone Jenner in Edmonton Oilers zone.
6:37 of 1st period - Snap shot by Vincent Trocheck.
6:37 of 1st period - Goal by Vincent Trocheck - Edmonton Oilers : 0 - Boston Bruins : 1.
6:38 of 1st period - Ryan Getzlaf wins face-off versus Vincent Trocheck in neutral zone.
6:41 of 1st period - Slapshot by Anthony Duclair.
6:41 of 1st period - Shot Misses the Net.
6:43 of 1st period - Wrist shot by Ryan Getzlaf.
6:43 of 1st period - Stopped by David Rittich with a rebound.
6:45 of 1st period - Wrist shot by Adrian Kempe.
6:45 of 1st period - Stopped by David Rittich with a rebound.
6:47 of 1st period - Wrist shot by Adrian Kempe.
6:47 of 1st period - Stopped by David Rittich with a rebound.
6:49 of 1st period - Wrist shot by Anthony Duclair.
6:49 of 1st period - Goal by Anthony Duclair - Edmonton Oilers : 1 - Boston Bruins : 1.
6:50 of 1st period - Ryan Getzlaf wins face-off versus Vincent Trocheck in neutral zone.
7:29 of 1st period - Minor Penalty to Charlie McAvoy for Hooking.
7:30 of 1st period - Vincent Trocheck wins face-off versus Boone Jenner in Boston Bruins zone.
7:38 of 1st period - Wrist shot by Phil Kessel.
7:38 of 1st period - Stopped by Juuse Saros with a rebound.
8:09 of 1st period - Slapshot by Anthony Duclair.
8:09 of 1st period - Shot Misses the Net.
9:29 of 1st period - Penalty to Charlie McAvoy is over, Charlie McAvoy is back on ice.
9:39 of 1st period - Wrist shot by Brandon Hagel.
9:39 of 1st period - Shot Blocked by Anthony Duclair.
9:41 of 1st period - Snap shot by Brock McGinn.
9:41 of 1st period - Shot Blocked by Damon Severson.
9:43 of 1st period - Wrist shot by Morgan Geekie.
9:43 of 1st period - Shot Misses the Net.
9:45 of 1st period - Snap shot by Brandon Hagel.
9:45 of 1st period - Shot Blocked by Damon Severson.
10:00 of 1st period - Icing by Ryan Donato.
10:01 of 1st period - Sean Kuraly wins face-off versus Ryan Donato in Boston Bruins zone.
10:38 of 1st period - Snap shot by Ryan Getzlaf.
10:38 of 1st period - Stopped by David Rittich without a rebound.
10:39 of 1st period - Ryan Getzlaf wins face-off versus Vincent Trocheck in Boston Bruins zone.
10:40 of 1st period - Wrist shot by Adrian Kempe.
10:40 of 1st period - Stopped by David Rittich with a rebound.
10:42 of 1st period - Slapshot by Evan Bouchard.
10:42 of 1st period - Stopped by David Rittich without a rebound.
10:43 of 1st period - Boone Jenner wins face-off versus Vincent Trocheck in Boston Bruins zone.
11:00 of 1st period - Wrist shot by Boone Jenner.
11:00 of 1st period - Stopped by David Rittich with a rebound.
11:16 of 1st period - Wrist shot by Joel Farabee.
11:16 of 1st period - Shot Misses the Net.
11:18 of 1st period - Snap shot by Joel Farabee.
11:18 of 1st period - Shot Misses the Net.
11:20 of 1st period - Slapshot by Ryan Donato.
11:20 of 1st period - Stopped by Juuse Saros with a rebound.
11:38 of 1st period - Morgan Geekie is hit by Evan Bouchard and loses puck.
12:18 of 1st period - Minor Penalty to Charlie McAvoy for High sticking.
12:19 of 1st period - Vincent Trocheck wins face-off versus Boone Jenner in Boston Bruins zone.
12:34 of 1st period - Wrist shot by Boone Jenner.
12:34 of 1st period - Shot Blocked by Vincent Trocheck.
12:36 of 1st period - Slapshot by Damon Severson.
12:36 of 1st period - Shot Misses the Net.
13:39 of 1st period - Icing by Cam Atkinson.
13:40 of 1st period - Boone Jenner wins face-off versus Anthony Beauvillier in Edmonton Oilers zone.
14:18 of 1st period - Penalty to Charlie McAvoy is over, Charlie McAvoy is back on ice.
14:21 of 1st period - Phil Kessel is hit by Anthony Duclair and loses puck.
14:56 of 1st period - Snap shot by Brandon Hagel.
14:56 of 1st period - Stopped by Juuse Saros with a rebound.
15:10 of 1st period - Snap shot by Joel Farabee.
15:10 of 1st period - Shot Misses the Net.
15:12 of 1st period - Wrist shot by Ryan Donato.
15:12 of 1st period - Stopped by Juuse Saros with a rebound.
15:24 of 1st period - Brandon Carlo is hit by Vincent Trocheck.
15:38 of 1st period - Anthony Duclair is hit by Brandon Hagel.
15:48 of 1st period - Cam Atkinson is hit by Joel Farabee and loses puck.
16:52 of 1st period - Wrist shot by Phil Kessel.
16:52 of 1st period - Stopped by Juuse Saros with a rebound.
17:40 of 1st period - Icing by Boone Jenner.
17:41 of 1st period - Boone Jenner wins face-off versus Vincent Trocheck in Edmonton Oilers zone.
17:49 of 1st period - Off-side.
17:50 of 1st period - Ryan Getzlaf wins face-off versus Vincent Trocheck in neutral zone.
18:16 of 1st period - Cam Atkinson is hit by Joel Farabee and loses puck.
18:44 of 1st period - Brock Boeser is hit by Brock McGinn.
19:02 of 1st period - Snap shot by Mikael Backlund.
19:02 of 1st period - Stopped by David Rittich with a rebound.
19:14 of 1st period - Minor Penalty to Ryan Donato for Elbowing.
19:15 of 1st period - Boone Jenner wins face-off versus Vincent Trocheck in Boston Bruins zone.
Goals for this period are 1 for Edmonton Oilers vs 1 for Boston Bruins.
Shots for this period are 12 for Edmonton Oilers vs 9 for Boston Bruins.
2nd period
0:01 of 2nd period - Boone Jenner wins face-off versus Vincent Trocheck in neutral zone.
0:04 of 2nd period - Wrist shot by Boone Jenner.
0:04 of 2nd period - Stopped by David Rittich with a rebound.
0:06 of 2nd period - Snap shot by Adrian Kempe.
0:06 of 2nd period - Stopped by David Rittich without a rebound.
0:07 of 2nd period - Vincent Trocheck wins face-off versus Boone Jenner in Boston Bruins zone.
0:22 of 2nd period - Slapshot by Damon Severson.
0:22 of 2nd period - Stopped by David Rittich with a rebound.
0:24 of 2nd period - Snap shot by Boone Jenner.
0:24 of 2nd period - Shot Misses the Net.
0:26 of 2nd period - Slapshot by Anthony Duclair.
0:26 of 2nd period - Shot Blocked by Samuel Girard.
0:28 of 2nd period - Snap shot by Jamie Benn.
0:28 of 2nd period - Shot Hit the Post.
0:40 of 2nd period - Wrist shot by Jamie Benn.
0:40 of 2nd period - Shot Misses the Net.
0:53 of 2nd period - Wrist shot by Jamie Benn.
0:53 of 2nd period - Stopped by David Rittich without a rebound.
0:54 of 2nd period - Ryan Getzlaf wins face-off versus Pavel Zacha in Boston Bruins zone.
0:57 of 2nd period - Snap shot by Brock Boeser.
0:57 of 2nd period - Stopped by David Rittich without a rebound.
0:58 of 2nd period - Ryan Getzlaf wins face-off versus Pavel Zacha in Boston Bruins zone.
1:14 of 2nd period - Penalty to Ryan Donato is over, Ryan Donato is back on ice.
1:20 of 2nd period - Snap shot by Phil Kessel.
1:20 of 2nd period - Deflect By Ryan Donato.
1:20 of 2nd period - Shot Blocked by Cam Atkinson.
1:20 of 2nd period - Puck is out of play.
1:21 of 2nd period - Mikael Backlund wins face-off versus Ryan Donato in Edmonton Oilers zone.
1:21 of 2nd period - Mikael Backlund is hit by Samuel Girard.
1:46 of 2nd period - Samuel Girard is hit by Ryan Getzlaf and loses puck.
1:55 of 2nd period - Wrist shot by Anthony Duclair.
1:55 of 2nd period - Stopped by David Rittich without a rebound.
1:56 of 2nd period - Vincent Trocheck wins face-off versus Boone Jenner in Boston Bruins zone.
3:34 of 2nd period - Snap shot by Vincent Trocheck.
3:34 of 2nd period - Goal by Vincent Trocheck - Edmonton Oilers : 1 - Boston Bruins : 2.
3:35 of 2nd period - Ryan Getzlaf wins face-off versus Vincent Trocheck in neutral zone.
3:38 of 2nd period - Slapshot by Anthony Duclair.
3:38 of 2nd period - Deflect By Charlie McAvoy.
3:38 of 2nd period - Stopped by David Rittich with a rebound.
3:40 of 2nd period - Slapshot by Ryan Getzlaf.
3:40 of 2nd period - Stopped by David Rittich without a rebound.
3:41 of 2nd period - Vincent Trocheck wins face-off versus Ryan Getzlaf in Boston Bruins zone.
3:46 of 2nd period - Wrist shot by Phil Kessel.
3:46 of 2nd period - Shot Misses the Net.
4:32 of 2nd period - Slapshot by Charlie McAvoy.
4:32 of 2nd period - Stopped by Juuse Saros with a rebound.
4:34 of 2nd period - Slapshot by Samuel Girard.
4:34 of 2nd period - Deflect By Brandon Hagel.
4:34 of 2nd period - Stopped by Juuse Saros with a rebound.
4:40 of 2nd period - Snap shot by Charlie McAvoy.
4:40 of 2nd period - Stopped by Juuse Saros without a rebound.
4:41 of 2nd period - Ryan Getzlaf wins face-off versus Vincent Trocheck in Edmonton Oilers zone.
5:13 of 2nd period - Wrist shot by Joel Farabee.
5:13 of 2nd period - Shot Misses the Net.
5:19 of 2nd period - Snap shot by Joel Farabee.
5:19 of 2nd period - Stopped by Juuse Saros with a rebound.
5:21 of 2nd period - Wrist shot by Joel Farabee.
5:21 of 2nd period - Shot Misses the Net.
5:57 of 2nd period - Snap shot by Vincent Trocheck.
5:57 of 2nd period - Goal by Vincent Trocheck - Edmonton Oilers : 1 - Boston Bruins : 3.
5:58 of 2nd period - Ryan Getzlaf wins face-off versus Vincent Trocheck in neutral zone.
6:11 of 2nd period - Snap shot by Anthony Duclair.
6:11 of 2nd period - Stopped by David Rittich with a rebound.
6:23 of 2nd period - Joel Farabee is hit by Evan Bouchard and loses puck.
6:30 of 2nd period - Wrist shot by Cam Atkinson.
6:30 of 2nd period - Shot Blocked by Samuel Girard.
6:32 of 2nd period - Wrist shot by Damon Severson.
6:32 of 2nd period - Stopped by David Rittich with a rebound.
6:34 of 2nd period - Slapshot by Boone Jenner.
6:34 of 2nd period - Shot Misses the Net.
6:36 of 2nd period - Backhand shot by Boone Jenner.
6:36 of 2nd period - Deflect By Jamie Benn.
6:36 of 2nd period - Shot Misses the Net.
6:36 of 2nd period - Puck is out of play.
6:37 of 2nd period - Adrian Kempe wins face-off versus Vincent Trocheck in Boston Bruins zone.
6:50 of 2nd period - Wrist shot by Adrian Kempe.
6:50 of 2nd period - Shot Misses the Net.
6:52 of 2nd period - Snap shot by Anthony Duclair.
6:52 of 2nd period - Stopped by David Rittich with a rebound.
7:06 of 2nd period - Slapshot by Brett Pesce.
7:06 of 2nd period - Stopped by David Rittich without a rebound.
7:07 of 2nd period - Ryan Donato wins face-off versus Boone Jenner in Boston Bruins zone.
7:13 of 2nd period - Snap shot by Charlie McAvoy.
7:13 of 2nd period - Stopped by Juuse Saros with a rebound.
7:15 of 2nd period - Snap shot by Joel Farabee.
7:15 of 2nd period - Shot Misses the Net.
7:17 of 2nd period - Snap shot by Joonas Donskoi.
7:17 of 2nd period - Goal by Joonas Donskoi - Edmonton Oilers : 1 - Boston Bruins : 4.
7:17 of 2nd period - Matt Murray enters game.
7:18 of 2nd period - Vincent Trocheck wins face-off versus Boone Jenner in neutral zone.
7:32 of 2nd period - Slapshot by Jamie Benn.
7:32 of 2nd period - Shot Misses the Net.
7:34 of 2nd period - Slapshot by Brett Pesce.
7:34 of 2nd period - Stopped by David Rittich without a rebound.
7:35 of 2nd period - Ryan Getzlaf wins face-off versus Ryan Donato in Boston Bruins zone.
7:36 of 2nd period - Snap shot by Anthony Duclair.
7:36 of 2nd period - Stopped by David Rittich without a rebound.
7:37 of 2nd period - Ryan Getzlaf wins face-off versus Ryan Donato in Boston Bruins zone.
7:40 of 2nd period - Snap shot by Adrian Kempe.
7:40 of 2nd period - Stopped by David Rittich with a rebound.
7:42 of 2nd period - Snap shot by Ryan Getzlaf.
7:42 of 2nd period - Shot Misses the Net.
7:44 of 2nd period - Snap shot by Adrian Kempe.
7:44 of 2nd period - Stopped by David Rittich with a rebound.
7:46 of 2nd period - Snap shot by Brett Pesce.
7:46 of 2nd period - Stopped by David Rittich with a rebound.
7:48 of 2nd period - Snap shot by Ryan Getzlaf.
7:48 of 2nd period - Shot Blocked by Joonas Donskoi.
7:50 of 2nd period - Wrist shot by Anthony Duclair.
7:50 of 2nd period - Stopped by David Rittich without a rebound.
7:51 of 2nd period - Boone Jenner wins face-off versus Phil Kessel in Boston Bruins zone.
8:27 of 2nd period - Icing by Damon Severson.
8:28 of 2nd period - Vincent Trocheck wins face-off versus Ryan Getzlaf in Edmonton Oilers zone.
8:59 of 2nd period - Ryan Getzlaf is hit by Phil Kessel and loses puck.
10:30 of 2nd period - Pavel Zacha is hit by Damon Severson and loses puck.
10:39 of 2nd period - Slapshot by Anthony Duclair.
10:39 of 2nd period - Shot Blocked by Matt Grzelcyk.
10:47 of 2nd period - Wrist shot by Adrian Kempe.
10:47 of 2nd period - Shot Blocked by Phil Kessel.
11:19 of 2nd period - Snap shot by Anthony Duclair.
11:19 of 2nd period - Shot Blocked by Matt Grzelcyk.
11:21 of 2nd period - Snap shot by Damon Severson.
11:21 of 2nd period - Stopped by David Rittich with a rebound.
11:23 of 2nd period - Slapshot by Brett Pesce.
11:23 of 2nd period - Stopped by David Rittich with a rebound.
11:27 of 2nd period - Snap shot by Adrian Kempe.
11:27 of 2nd period - Deflect By Ryan Getzlaf.
11:27 of 2nd period - Stopped by David Rittich with a rebound.
11:33 of 2nd period - Slapshot by Anthony Duclair.
11:33 of 2nd period - Shot Blocked by Pavel Zacha.
11:37 of 2nd period - Wrist shot by Adrian Kempe.
11:37 of 2nd period - Stopped by David Rittich with a rebound.
11:39 of 2nd period - Wrist shot by Anthony Duclair.
11:39 of 2nd period - Shot Misses the Net.
11:41 of 2nd period - Wrist shot by Damon Severson.
11:41 of 2nd period - Shot Blocked by Pavel Zacha.
11:55 of 2nd period - Phil Kessel is hit by Adrian Kempe and loses puck.
12:37 of 2nd period - Snap shot by Ryan Getzlaf.
12:37 of 2nd period - Shot Misses the Net.
12:55 of 2nd period - Slapshot by Anthony Duclair.
12:55 of 2nd period - Shot Blocked by Vincent Trocheck.
12:57 of 2nd period - Slapshot by Damon Severson.
12:57 of 2nd period - Shot Misses the Net.
12:59 of 2nd period - Slapshot by Brett Pesce.
12:59 of 2nd period - Shot Blocked by Phil Kessel.
13:04 of 2nd period - Slapshot by Damon Severson.
13:04 of 2nd period - Shot Blocked by Victor Mete.
13:06 of 2nd period - Slapshot by Damon Severson.
13:06 of 2nd period - Stopped by David Rittich with a rebound.
13:44 of 2nd period - Wrist shot by Anthony Duclair.
13:44 of 2nd period - Stopped by David Rittich with a rebound.
14:26 of 2nd period - Snap shot by Anthony Duclair.
14:26 of 2nd period - Stopped by David Rittich with a rebound.
14:28 of 2nd period - Wrist shot by Anthony Duclair.
14:28 of 2nd period - Stopped by David Rittich without a rebound.
14:29 of 2nd period - Boone Jenner wins face-off versus Ryan Donato in Boston Bruins zone.
15:03 of 2nd period - Snap shot by Mikael Backlund.
15:03 of 2nd period - Shot Blocked by Morgan Geekie.
15:05 of 2nd period - Backhand shot by Alex Iafallo.
15:05 of 2nd period - Stopped by David Rittich with a rebound.
15:19 of 2nd period - Slapshot by Charlie McAvoy.
15:19 of 2nd period - Stopped by Matt Murray with a rebound.
15:21 of 2nd period - Slapshot by Samuel Girard.
15:21 of 2nd period - Shot Blocked by Evan Bouchard.
15:37 of 2nd period - Tyson Barrie is hit by Jamie Benn and loses puck.
16:31 of 2nd period - Slapshot by Anthony Beauvillier.
16:31 of 2nd period - Deflect By Danton Heinen.
16:31 of 2nd period - Shot Blocked by Paul Stastny.
16:31 of 2nd period - Puck is out of play.
16:32 of 2nd period - Sean Kuraly wins face-off versus Morgan Geekie in Edmonton Oilers zone.
16:56 of 2nd period - Brandon Hagel is hit by Boone Jenner and loses puck.
18:02 of 2nd period - Brandon Hagel is hit by Erik Johnson and loses puck.
18:33 of 2nd period - Sean Durzi is hit by Paul Stastny and loses puck.
19:46 of 2nd period - Boone Jenner is hit by Mason Appleton and loses puck.
Goals for this period are 0 for Edmonton Oilers vs 3 for Boston Bruins.
Shots for this period are 27 for Edmonton Oilers vs 9 for Boston Bruins.
3rd period
0:01 of 3rd period - Vincent Trocheck wins face-off versus Boone Jenner in neutral zone.
1:09 of 3rd period - Icing by Sean Kuraly.
1:10 of 3rd period - Vincent Trocheck wins face-off versus Sean Kuraly in Edmonton Oilers zone.
1:35 of 3rd period - Evan Bouchard is hit by Samuel Girard.
1:39 of 3rd period - Snap shot by Joel Farabee.
1:39 of 3rd period - Shot Blocked by David Farrance.
1:41 of 3rd period - Wrist shot by Joonas Donskoi.
1:41 of 3rd period - Stopped by Matt Murray without a rebound.
1:42 of 3rd period - Vincent Trocheck wins face-off versus Boone Jenner in Edmonton Oilers zone.
1:51 of 3rd period - Snap shot by Cam Atkinson.
1:51 of 3rd period - Shot Misses the Net.
1:53 of 3rd period - Snap shot by Brandon Carlo.
1:53 of 3rd period - Stopped by David Rittich with a rebound.
1:55 of 3rd period - Snap shot by Jamie Benn.
1:55 of 3rd period - Stopped by David Rittich with a rebound.
1:57 of 3rd period - Slapshot by Cam Atkinson.
1:57 of 3rd period - Stopped by David Rittich without a rebound.
1:58 of 3rd period - Ryan Donato wins face-off versus Mikael Backlund in Boston Bruins zone.
2:03 of 3rd period - Slapshot by Charlie McAvoy.
2:03 of 3rd period - Stopped by Matt Murray with a rebound.
2:26 of 3rd period - Snap shot by Adrian Kempe.
2:26 of 3rd period - Stopped by David Rittich with a rebound.
2:34 of 3rd period - Snap shot by Joonas Donskoi.
2:34 of 3rd period - Shot Blocked by Ryan Getzlaf.
2:36 of 3rd period - Slapshot by Ryan Donato.
2:36 of 3rd period - Shot Misses the Net.
2:38 of 3rd period - Wrist shot by Joel Farabee.
2:38 of 3rd period - Stopped by Matt Murray without a rebound.
2:39 of 3rd period - Pavel Zacha wins face-off versus Boone Jenner in Edmonton Oilers zone.
2:54 of 3rd period - Slapshot by Pavel Zacha.
2:54 of 3rd period - Shot Blocked by Boone Jenner.
3:04 of 3rd period - Morgan Geekie is hit by Brett Pesce and loses puck.
3:27 of 3rd period - Snap shot by Vincent Trocheck.
3:27 of 3rd period - Deflect By Anthony Beauvillier.
3:27 of 3rd period - Stopped by Matt Murray with a rebound.
4:02 of 3rd period - David Farrance is hit by Charlie McAvoy and loses puck.
4:09 of 3rd period - Brock McGinn is hit by Jamie Benn.
5:17 of 3rd period - Tyson Barrie is hit by Boone Jenner and loses puck.
7:35 of 3rd period - David Farrance is hit by Tyson Barrie and loses puck.
8:06 of 3rd period - Snap shot by Pavel Zacha.
8:06 of 3rd period - Shot Misses the Net.
8:16 of 3rd period - Wrist shot by Phil Kessel.
8:16 of 3rd period - Shot Blocked by Mikael Backlund.
8:18 of 3rd period - Slapshot by Mason Appleton.
8:18 of 3rd period - Shot Blocked by Alex Iafallo.
8:20 of 3rd period - Slapshot by Sean Durzi.
8:20 of 3rd period - Shot Blocked by Evan Bouchard.
8:28 of 3rd period - Backhand shot by Pavel Zacha.
8:28 of 3rd period - Stopped by Matt Murray with a rebound.
8:30 of 3rd period - Wrist shot by Mason Appleton.
8:30 of 3rd period - Stopped by Matt Murray without a rebound.
8:31 of 3rd period - Ryan Donato wins face-off versus Cam Atkinson in Edmonton Oilers zone.
9:51 of 3rd period - Wrist shot by Alex Iafallo.
9:51 of 3rd period - Deflect By Joonas Donskoi.
9:51 of 3rd period - Stopped by David Rittich with a rebound.
10:36 of 3rd period - Vincent Trocheck is hit by Anthony Duclair.
11:02 of 3rd period - Snap shot by Anthony Beauvillier.
11:02 of 3rd period - Shot Blocked by David Farrance.
11:10 of 3rd period - Snap shot by Vincent Trocheck.
11:10 of 3rd period - Shot Blocked by Mikael Backlund.
12:04 of 3rd period - Matt Grzelcyk is hit by Sean Kuraly and loses puck.
12:23 of 3rd period - Wrist shot by Ryan Donato.
12:23 of 3rd period - Stopped by Matt Murray with a rebound.
12:45 of 3rd period - Snap shot by Morgan Geekie.
12:45 of 3rd period - Shot Misses the Net.
12:47 of 3rd period - Slapshot by Victor Mete.
12:47 of 3rd period - Stopped by Matt Murray with a rebound.
14:25 of 3rd period - Wrist shot by Paul Stastny.
14:25 of 3rd period - Shot Misses the Net.
14:27 of 3rd period - Snap shot by Sean Kuraly.
14:27 of 3rd period - Deflect By Jakub Voracek.
14:27 of 3rd period - Edmonton Oilers goal is going for a video replay.
14:27 of 3rd period - The goal is refused. The puck has been kicked using a distinct kicking motion..
14:28 of 3rd period - Sean Kuraly wins face-off versus Morgan Geekie in Boston Bruins zone.
15:00 of 3rd period - Erik Johnson is hit by Phil Kessel and loses puck.
15:58 of 3rd period - Charlie McAvoy is hit by Ryan Getzlaf and loses puck.
16:05 of 3rd period - Adrian Kempe is hit by Charlie McAvoy and loses puck.
16:40 of 3rd period - Wrist shot by Paul Stastny.
16:40 of 3rd period - Stopped by David Rittich with a rebound.
16:42 of 3rd period - Slapshot by Damon Severson.
16:42 of 3rd period - Shot Misses the Net.
16:44 of 3rd period - Wrist shot by Sean Kuraly.
16:44 of 3rd period - Stopped by David Rittich with a rebound.
16:46 of 3rd period - Snap shot by Sean Kuraly.
16:46 of 3rd period - Stopped by David Rittich with a rebound.
16:52 of 3rd period - Minor Penalty to Phil Kessel for Slashing.
16:53 of 3rd period - Boone Jenner wins face-off versus Vincent Trocheck in Boston Bruins zone.
18:14 of 3rd period - Pavel Zacha is hit by Evan Bouchard and loses puck.
18:52 of 3rd period - Penalty to Phil Kessel is over, Phil Kessel is back on ice.
Goals for this period are 0 for Edmonton Oilers vs 0 for Boston Bruins.
Shots for this period are 9 for Edmonton Oilers vs 8 for Boston Bruins.
Back to the Top